 Dungeon Crawl Stone Soup version 0.31-a0-978-g1e143483b6 (webtiles) character file.

Game seed: 825550855336729154

270 gelatine the Ruffian (level 6, -1/44 (46) HPs)
             Began as a Demonspawn Gladiator on Oct 30, 2023.
             Shot with an arrow by a centaur (5 damage)
             ... on level 7 of the Dungeon.
             The game lasted 00:07:00 (3567 turns).

gelatine the Ruffian (Demonspawn Gladiator)         Turns: 3567, Time: 00:07:00

HP:   -1/44 (46)    AC:  7    Str: 17    XL:     6   Next: 1%
MP:   6/6           EV: 12    Int:  9    God:
Gold: 254           SH:  0    Dex: 16    Spells: 5/5 levels left

rFire   . .          .
                       - Unarmed
rCold   . . .        (no shield)
rNeg    . . .        o - +0 ring mail
rPois   .            c - +0 helmet
rElec   .            (no cloak)
rCorr   .            (gloves unavailable)
SInv    .            t - +0 pair of boots
Will    .....        (no amulet)
Stlth   ++           (no ring)
HPRegen 0.27/turn    (no ring)
MPRegen 0.10/turn

%: no passive effects
@: lightly drained
A: claws 3, thin skeletal structure 1
a: no special abilities


You were on level 7 of the Dungeon.
You visited 2 branches of the dungeon, and saw 7 of its levels.

You collected 254 gold pieces.

Inventory:

Hand Weapons
 a - a +0 war axe
 v - a +2 war axe of freezing
Missiles
 d - 2 throwing nets
 e - a javelin
 y - 17 stones (quivered)
Armour
 b - a +0 leather armour
 c - a +0 helmet (worn)
 j - a scarf of harm
 o - a +0 ring mail (worn)
 t - a +0 pair of boots (worn)
Scrolls
 f - 2 scrolls of teleportation {unknown}
 i - a scroll of fog {unknown}
 l - 3 scrolls of blinking {unknown}
 n - a scroll of noise {unknown}
 p - 4 scrolls of enchant weapon {unknown}
 s - 2 scrolls of revelation {unknown}
 w - 4 scrolls of identify {unknown}
Potions
 g - a potion of brilliance {unknown}
 h - 2 potions of invisibility {unknown}
 k - 6 potions of curing {unknown}
 m - 3 potions of cancellation {unknown}
 q - a potion of magic {unknown}
 r - a potion of heal wounds {unknown}
 u - a potion of degeneration {unknown}
 x - a potion of lignification {unknown}
 z - a potion of mutation {unknown}
 A - a potion of might {unknown}


   Skills:
 * Level 2.9 Fighting
 - Level 3.3 Axes
 + Level 1.8 Throwing
 + Level 1.8 Armour
 + Level 3.2 Dodging
 * Level 3.4 Unarmed Combat


You had 5 spell levels left.
You didn't know any spells.
Your spell library contained the following spells:

 Spells                   Type           Power      Damage    Failure   Level
 Kiss of Death            Conj/Necr      0%         2d5       58%         1
 Shock                    Conj/Air       0%         1d3       58%         1
 Call Canine Familiar     Summ           0%         N/A       91%         3
 Confusing Touch          Hex            0%         N/A       91%         3
 Ignite Poison            Fire/Tmut/Pois 0%         N/A       91%         3
 Sigil of Binding         Hex            0%         N/A       91%         3
 Swiftness                Air            0%         N/A       91%         3
 Airstrike                Air            0%         2d(0-16)  100%        4
 Dimensional Bullseye     Hex/Tloc       0%         N/A       100%        4
 Dispel Undead            Necr           0%         3d6       100%        4
 Leda's Liquefaction      Hex/Erth       0%         N/A       100%        4
 Sticky Flame             Conj/Fire      0%         2d3       100%        4
 Ignition                 Fire           0%         3d3       100%        8


Dungeon Overview and Level Annotations

Branches:
Dungeon (5/15)             Temple (1/1) D:4

Altars:
Ashenzari
Cheibriados
Dithmenos
Fedhas
Gozag
Hepliaklqana
Kikubaaqudgha
Makhleb
Nemelex Xobeh
Okawaru
Qazlal
Ru
Sif Muna
Trog
Uskayaw
Vehumet
Xom
Yredelemnul


Innate Abilities, Weirdness & Mutations

You have claws for hands.
You have a somewhat thin skeletal structure. (Dex +2, Stealth+)


Message History

There is an open door here.
Things that are here:
a +3 mace of distortion; an orc corpse You enter the shallow water.
Moving in this stuff is going to be slow.
You open the door.
There is an open door here.
You open the door.
Found a trident.
There is an open door here.
A centaur comes into view.
A hound comes into view.
The centaur shouts!
The hound barks!
The centaur wields a +0 orcbow.
The centaur shoots an arrow.
The arrow hits you!
A howler monkey comes into view.
The centaur shoots an arrow.
The arrow barely misses you.
You scratch the bush but do no damage.
The centaur shoots an arrow.
The arrow misses you.
You claw the bush!
The bush is lightly damaged.
The centaur shoots an arrow.
The arrow closely misses you.
You scratch the bush.
The bush is lightly damaged.
The hound bites you but does no damage.
The centaur shoots an arrow.
The arrow hits you! The hound bites you.
The centaur shoots an arrow.
The arrow barely misses you.
The howler monkey howls!
You scratch the bush.
The bush is lightly damaged.
The hound closely misses you.
The centaur shoots an arrow.
The arrow hits you!
* * * LOW HITPOINT WARNING * * *
You completely miss the hound. The hound bites you.
* * * LOW HITPOINT WARNING * * *
The centaur shoots an arrow.
The arrow hits you.
* * * LOW HITPOINT WARNING * * *
The hound closely misses you.
The centaur shoots an arrow.
The arrow completely misses you.
The centaur shoots an arrow.
The arrow hits you.
You die...

....≈≈≈......#
....≈.≈......#
#.#......#
#$#......#
#c#......#
##P#......#
#.........#### ....
#....h........#...#
#...)@........#...##
#..##'####....#....#
#...'....'.h..#....#
#...#....#....#..)#
#...#....#....#...##
#......#
#..##....#....'....#
#......#
#..##....#....#....#
#......#
#...#....#....#...##
#......#
#...#....#....#...#


You could see a centaur and a hound.

Vanquished Creatures
  A scorpion (D:4)
  Jessica (D:2)
  An iguana (D:4)
  A gnoll (D:4)
  2 adders
  A white imp (D:7)
  2 worms
  5 dart slugs
  17 orcs
  8 ball pythons
  6 endoplasms
  7 goblins
  5 hobgoblins
  11 jackals
  4 quokkas
  3 bats
  9 frilled lizards
  6 kobolds
  5 rats
95 creatures vanquished.

Notes
Turn   | Place    | Note
-------+----------+-------------------------------------------
     0 | D:1      | gelatine the Demonspawn Gladiator began the quest for the
                  | Orb.
     0 | D:1      | Reached XP level 1. HP: 16/16 MP: 1/1
   140 | D:1      | Gained mutation: You have sharp fingernails. [demonic
                  | ancestry]
   140 | D:1      | Reached XP level 2. HP: 22/22 MP: 2/2
   284 | D:1      | Gained mutation: You have very sharp fingernails. [demonic
                  | ancestry]
   284 | D:1      | Reached XP level 3. HP: 19/27 MP: 3/3
   911 | D:2      | Noticed Jessica
   914 | D:2      | Killed Jessica
   915 | D:2      | Reached skill level 1 in Unarmed Combat
   915 | D:2      | Gained mutation: You have claws for hands. [demonic
                  | ancestry]
   915 | D:2      | Reached XP level 4. HP: 34/34 MP: 4/4
  1104 | D:2      | Found an opulent altar of Gozag.
  1319 | D:3      | Identified the "Zuarun"
  1319 | D:3      | Identified the "Boihi"
  1319 | D:3      | Identified the "Uloent"
  1419 | D:3      | Reached skill level 1 in Armour
  1565 | D:3      | Found a shimmering blue altar of Sif Muna.
  2005 | D:3      | Found a sparkling altar of Nemelex Xobeh.
  2009 | D:3      | Found an ancient bone altar of Kikubaaqudgha.
  2013 | D:3      | Found an opulent altar of Gozag.
  2403 | D:4      | Reached XP level 5. HP: 34/39 MP: 5/5
  2477 | D:4      | Found a hazy altar of Hepliaklqana.
  2535 | D:4      | Found a staircase to the Ecumenical Temple.
  2552 | Temple   | Entered the Ecumenical Temple
  3418 | D:5      | Entered Level 5 of the Dungeon
  3452 | D:5      | You fall into a shaft and drop 2 floors!
  3523 | D:7      | Gained mutation: You have a somewhat thin skeletal
                  | structure. (Dex +2, Stealth+) [demonic ancestry]
  3523 | D:7      | Reached XP level 6. HP: 44/44 MP: 6/6
  3567 | D:7      | Shot with an arrow by a centaur

Illustrated notes

Levels and vault maps discovered:
D:1:      nagdon_arrival_zigzag_paths, layout_basic
D:2:      layout_basic, basic_altar, nicolae_underground_beach, uniq_jessica
D:3:      layout_basic, nicolae_overflow_hidden_temple,
          grunt_temple_overflow_diamond, shapermc_ecumenical_altar_petra,
          nicolae_kite_square_tiling_tiny
D:4:      minmay_diamond_boxcup, layout_loops_ring, lemuel_round_altar,
          minmay_temple_entry_glass
D:5:      layout_loops_cross, nicolae_wu_jian_wuxing_cycle,
          lightli_ossuary_entry_decrepit_ruins, nzn_random_ring, uniq_pikel
D:7:      minmay_cornered_nines, layout_gridville, kb_lookout_dungeons_type,
          serial_bayou_lagoon_a, hangedman_decor_lopped
Temple:   regret_index_temple_sphere_string

Skill      XL: |  1  2  3  4  5 |
---------------+----------------+-----
Axes           | 3 |  3.3
Dodging        | 3 |  3.2
Unarmed Combat | 1 2 3 |  3.4
Armour         | 1 |  1.8
Fighting       | |  2.9
Throwing       | |  1.8

Action                     |  1- 3 |  4- 6 || total
---------------------------+-------+-------++-------
  Melee: War axe           |    41 |       ||    41
         Unarmed           |    55 |   154 ||   209
         Punch             |       |     3 ||     3
  Throw: Stone             |       |     8 ||     8
         Throwing net      |       |     1 ||     1
 Armour: Leather armour    |    49 |     4 ||    53
         Ring mail         |       |    84 ||    84
  Dodge: Dodged            |    65 |   103 ||   168

Table legend: (Time is in decaauts)
 A = Elapsed time spent in this place.
 B = Non-inter-level travel time spent in this place.
 C = Inter-level travel time spent in this place.
 D = Time resting spent in this place.
 E = Time spent auto-exploring this place.
 F = Levels seen in this place.
 G = Mean time per level.
                   A        B        C        D        E       F      G
               +--------+--------+--------+--------+--------+-----+--------+
         Total |   3576 |   3377 |    199 |      0 |   2645 |   7 |  510.9 |
       Dungeon |   3511 |   3376 |    135 |      0 |   2645 |   6 |  585.2 |
        Temple |     65 |      1 |     64 |      0 |      0 |   1 |   65.0 |
               +--------+--------+--------+--------+--------+-----+--------+

Top non-repeatable levels by time:
     D:4: 1068 daAuts
     D:3: 958 daAuts
     D:1: 711 daAuts
     D:2: 621 daAuts
     D:7: 117 daAuts
  Temple: 65 daAuts
     D:5: 33 daAuts
